 Dungeon Crawl Stone Soup version 0.27.1-4-g1640c2035a (webtiles) character file.

Game seed: 17681146854504957189

382269 bearlyready the Imperceptible (level 23, -19/147 HPs)
             Began as a Kobold Fighter on Nov 17, 2021.
             Was the Champion of Dithmenos.
             Demolished by a vampire knight (28 damage)
             ... while paralysed by a vampire knight
             ... on level 3 of the Depths on Nov 18, 2021.
             The game lasted 02:02:09 (70988 turns).

bearlyready the Imperceptible (Kobold Fighter)     Turns: 70988, Time: 02:02:10

Health: -19/147    AC: 23    Str: 17    XL:     23   Next: 99%
Magic:  0/29       EV:  3    Int: 11    God:    Dithmenos [******]
Gold:   4694       SH:  0    Dex: 28    Spells: 25/30 levels left

rFire    + . .     SeeInvis +   a - +1 demon blade
rCold    + . .     Faith    .   N - +0 kite shield {reflect}
rNeg     . . .     Spirit   +   n - +2 faerie dragon scales {rCorr Str+3 Stlth+ Clar}
rPois    +         Reflect  +   J - +1 helmet {SInv}
rElec    .         Harm     .   m - +1 cloak {rPois}
rCorr    +         Rampage  .   q - +2 pair of gloves {archery}
Will     +....     Clarity  +   S - +0 pair of boots {Stlth+} Stlth ####******
                                y - amulet of guardian spirit
HPRegen  0.34/turn              I - ring of Midnight {Drain rF+ rC+ AC+4}
MPRegen  0.21/turn              M - +6 ring of dexterity

@: paralysed, wreathed by umbra, studying 2 skills
A: small, no large weapons, nightstalker 3, passive freeze
}: 2/15 runes: decaying, serpentine
a: Renounce Religion, Shadow Step, Shadow Form


You were on level 3 of the Depths.
You worshipped Dithmenos.
Dithmenos was exalted by your worship.
You visited 8 branches of the dungeon, and saw 39 of its levels.
You also visited: Ossuary, Bailey and Ice Cave.

You collected 7401 gold pieces.
You spent 2707 gold pieces at shops.

Inventory:

Hand Weapons
 a - a +1 demon blade (weapon)
 b - a +8 quick blade
Missiles
 c - 6 boomerangs of dispersal
 g - 92 poisoned darts
 j - 20 boomerangs (quivered)
 W - 10 curare-tipped darts
Armour
 m - a +1 cloak of poison resistance (worn)
 n - the +2 faerie dragon scales (worn) {rCorr Str+3 Stlth+ Clar}
   (You took it off the Enchantress on level 2 of the Depths)

   Str:       It affects your strength (+3).
   Clar:      It protects you against confusion.
   rCorr:     It protects you from acid and corrosion.
   Stlth:     It makes you more stealthy.
 q - a +2 pair of gloves of archery (worn)
 J - a +1 helmet of see invisible (worn)
 N - a +0 kite shield of reflection (worn)
 S - a +0 pair of boots of stealth (worn)
Jewellery
 y - an amulet of guardian spirit (around neck)
 I - the ring of Midnight (left hand) {Drain rF+ rC+ AC+4}
   (You acquired it on level 6 of the Dungeon)

   [ring of protection]

   AC:        It affects your AC (+4).
   rF:        It protects you from fire.
   rC:        It protects you from cold.
   Drain:     It drains your maximum health when unequipped.
 K - the ring of Xylar {rF+ Int+6}
   (You took it off a gnoll on level 6 of the Dungeon)

   [ring of intelligence]

   Int:       It affects your intelligence (+6).
   rF:        It protects you from fire.
 M - a +6 ring of dexterity (right hand)
Wands
 e - a wand of paralysis (6)
 f - a wand of mindburst (14)
 u - a wand of flame (52)
 B - a wand of charming (16)
 D - a wand of iceblast (11)
 O - a wand of digging (16)
 V - a wand of polymorph (10)
Scrolls
 h - 5 scrolls of summoning
 i - 9 scrolls of fog
 o - 4 scrolls of fear
 w - 5 scrolls of enchant weapon
 F - 4 scrolls of magic mapping
 H - 6 scrolls of enchant armour
 L - 2 scrolls of holy word
 R - 3 scrolls of silence
 X - 3 scrolls of identify
 Y - a scroll of blinking
 Z - 4 scrolls of teleportation
Potions
 d - 3 potions of attraction
 k - 2 potions of mutation
 l - 14 potions of curing
 s - 4 potions of lignification
 t - 6 potions of heal wounds
 v - 4 potions of invisibility
 x - 3 potions of resistance
 z - a potion of magic
 C - 6 potions of haste
 G - 9 potions of might
 Q - 3 potions of flight
 T - 2 potions of berserk rage
Miscellaneous
 p - a box of beasts
 r - a lightning rod (1/4)
 A - a piece from Xom's chessboard (15/15)
 E - a phial of floods
 P - a condenser vane
 U - a phantom mirror


   Skills:
 - Level 16.0 Fighting
 - Level 16.0(16.6) Short Blades
 * Level 5.3(8.9) Long Blades
 - Level 9.0 Throwing
 - Level 8.0 Armour
 + Level 20.3 Dodging
 + Level 24.7 Stealth
 + Level 10.1 Shields
 - Level 4.0 Spellcasting
 - Level 4.0 Translocations
 - Level 9.0 Invocations
 - Level 15.0 Evocations


You had 25 spell levels left.
You knew the following spells:

 Your Spells              Type           Power      Damage    Failure   Level
a - Apportation           Tloc           22%        N/A       16%         1
b - Corona                Hex            2%         N/A       63%         1
c - Tukima's Dance        Hex            2%         N/A       94%         3

Your spell library contained the following spells:

 Spells                   Type           Power      Damage    Failure   Level
 Gell's Gravitas          Tloc           5%         N/A       43%         3
 Teleport Other           Tloc           11%        N/A       43%         3
 Shock                    Conj/Air       8%         1d3       63%         1
 Summon Small Mammal      Summ           8%         N/A       63%         1
 Ensorcelled Hibernation  Hex/Ice        4%         N/A       77%         2
 Static Discharge         Conj/Air       2%         N/A       77%         2
 Call Canine Familiar     Summ           2%         N/A       94%         3
 Dazzling Flash           Conj/Hex       4%         N/A       94%         3
 Inner Flame              Hex/Fire       2%         N/A       94%         3
 Summon Guardian Golem    Hex/Summ       2%         N/A       94%         3
 Swiftness                Air            2%         N/A       94%         3
 Airstrike                Air            1%         N/A       100%        4
 Animate Dead             Necr           1%         N/A       100%        4
 Cause Fear               Hex            1%         N/A       100%        4
 Hailstorm                Conj/Ice       2%         3d3       100%        4
 Ice Form                 Ice/Tmut       2%         N/A       100%        4
 Petrify                  Tmut/Erth      2%         N/A       100%        4
 Agony                    Necr           2%         N/A       100%        5
 Alistair's Intoxication  Tmut/Pois      1%         N/A       100%        5
 Borgnjor's Vile Clutch   Necr/Erth      1%         N/A       100%        5
 Lightning Bolt           Conj/Air       1%         1d12      100%        5
 Metabolic Englaciation   Hex/Ice        1%         N/A       100%        5
 Silence                  Hex/Air        1%         N/A       100%        5
 Death Channel            Necr           1%         N/A       100%        6
 Dispersal                Tloc           5%         N/A       100%        6
 Invisibility             Hex            1%         N/A       100%        6
 Simulacrum               Ice/Necr       1%         N/A       100%        6
 Statue Form              Tmut/Erth      1%         N/A       100%        6
 Discord                  Hex            1%         N/A       100%        8
 Disjunction              Tloc           5%         N/A       100%        8
 Maxwell's Capacitive Co  Air            1%         ∞         100%        8


Dungeon Overview and Level Annotations

Branches:
Dungeon (15/15)            Temple (1/1) D:7            Lair (6/6) D:9
  Swamp (4/4) Lair:2        Snake (4/4) Lair:3        Slime (0/5) Lair:5
    Orc (2/2) D:12            Elf (0/3) Orc:2        Vaults (4/5) D:13
  Crypt (0/3) Vaults:2     Depths (3/5) D:15        Ossuary (visited)
 Bailey (visited)           IceCv (visited)

Altars:
Ashenzari
Cheibriados
Dithmenos
Elyvilon
Fedhas
Gozag
Hepliaklqana
Kikubaaqudgha
Makhleb
Nemelex Xobeh
Okawaru
Qazlal
Ru
Sif Muna
Trog
Uskayaw
Vehumet
Wu Jian
Xom
Yredelemnul
Zin
The Shining One
Beogh

Shops:
D:4 *   D:8 :   D:12 (   D:14 (   Orc:2 [*[![   Snake:3 =:=   Snake:4 *:?
Depths:2 [

Portals:
Hell: Depths:1 Depths:2
Pandemonium: Depths:2
Trove: Vaults:2 (show abyssal rune of Zot)

Annotations:
Swamp:4 Roxanne
Snake:4 nxtlvl's ghost, adept SpAr
Vaults:4 3 runed translucent doors, astronautguy's ghost, master FoEE
Depths:3 1 runed translucent door


Innate Abilities, Weirdness & Mutations

You are small and have problems with some larger weapons.
You are completely attuned to the shadows.
A frigid envelope surrounds you and freezes all who hurt you.


Message History

The vampire knight is lightly damaged.
The vampire knight bites you but does no damage.
The vampire knight resists.
The vampire knight is very cold.
The vampire knight is lightly damaged.
The vampire knight hits you with a +0 battleaxe.
* * * LOW HITPOINT WARNING * * *
The vampire knight resists.
The vampire knight is very cold.
The vampire knight is lightly damaged.
The vampire knight bites you but does no damage.
The vampire knight resists.
The vampire knight is very cold.
The vampire knight is lightly damaged.
The stone giant hits you but does no damage.
The stone giant is very cold.
You kill the stone giant!
Dithmenos accepts your kill.
The vampire knight hits you with a +0 battleaxe!
* * * LOW HITPOINT WARNING * * *
You emit a cloud of dark smoke.
The vampire knight resists.
The vampire knight is very cold.
The vampire knight is lightly damaged.
The vampire knight bites you.
* * * LOW HITPOINT WARNING * * *
The vampire knight draws strength from your injuries!
The vampire knight resists.
The vampire knight is very cold.
The vampire knight is lightly damaged.
The vampire knight hits you with a +0 battleaxe!!
* * * LOW HITPOINT WARNING * * *
The vampire knight resists.
The vampire knight is very cold.
The vampire knight is moderately damaged.
The vampire knight bites you but does no damage.
The vampire knight resists.
The vampire knight is very cold.
The vampire knight is moderately damaged.
The vampire knight hits you but does no damage.
The vampire knight resists.
The vampire knight is very cold.
The vampire knight is moderately damaged.
The vampire knight bites you but does no damage.
The vampire knight resists.
The vampire knight is very cold.
The vampire knight is moderately damaged.
The vampire knight hits you with a +0 battleaxe!!
You die...

#.###. ..#.. #..#≈≈
###.# #.. +..### ###.#
#.# #..... ....# #.#
#..... ###.######.#
#..... #........#
#.....
########.#########.....
#....§V@§§'(...?
###########..... #.....
#..... ....


You could see a vampire knight (fast).

Vanquished Creatures
  Frederick (Vaults:3)
  Vashnia (Snake:2)
  Saint Roka (Snake:2)
  The ghost of ragingrage the Executioner, a veteran HOFi of Beogh (Vaults:3)
  Nikola (Swamp:2)
  the Enchantress (Depths:2)
  Rupert (D:12)
  A tentacled monstrosity (Swamp:3)
  Asterion (Snake:4)
  A lich (Depths:1)
  An ancient champion (Vaults:2)
  A tentacled starspawn (Snake:4)
  A titan (Vaults:3)
  Gastronok (D:12)
  Agnes (Snake:2)
  A tengu reaver (Depths:2)
  A sphinx (Vaults:3)
  The ghost of bearlyready the Unseen, an adept KoBe of Trog (Swamp:4)
  5 thorn hunters
  A storm dragon (Depths:2)
  Donald (Swamp:4)
  7 nagarajas
  A revenant (Vaults:2)
  2 frost giants (Depths:1)
  3 vault wardens (Vaults:2)
  3 fire giants
  Aizul (Swamp:2)
  2 ghouls (Swamp:2)
  10 ironbound preservers
  A spriggan defender (Depths:2)
  7 stone giants
  A war gargoyle (Vaults:3)
  17 very ugly things
  A vampire knight (Vaults:2)
  4 bunyips (Swamp:3)
  3 dire elephants
  An entropy weaver (Vaults:2)
  2 spark wasps (Depths:3)
  6 eleionomae
  4 fire dragons
  A blizzard demon (Depths:2)
  8 ettins
  A merfolk javelineer (Depths:1)
  A green death (Swamp:4)
  A crystal guardian (Vaults:3)
  A merfolk impaler (Depths:2)
  10 yaktaur captains
  2 deep elf high priests (Depths:2)
  18 hydras
  A shambling mangrove (Depths:2)
  6 great orbs of eyes
  Harold (D:7)
  A salamander tyrant (Snake:4)
  5 ice dragons
  11 naga warriors
  2 rakshasas (Depths:1)
  4 ironbound thunderhulks
  A catoblepas (Lair:6)
  2 hell beasts (Swamp:4)
  5 boulder beetles
  A peacekeeper (Vaults:3)
  6 anacondas
  3 spriggan air magi
  3 centaur warriors (D:14)
  2 ghost crabs (Swamp:2)
  2 ironbound frosthearts
  9 alligators
  5 two-headed ogres
  An ogre mage (D:13)
  A death knight (D:14)
  7 tengu warriors
  Urug (D:10)
  3 deep troll shamans
  11 death yaks
  A hell hog (Snake:4)
  3 deep troll earth magi (Depths:1)
  4 spriggan berserkers
  4 orc high priests (Orc:2)
  15 naga sharpshooters
  A thrashing horror (Swamp:4)
  7 ironbound beastmasters
  A sun demon (Depths:2)
  Sonja (D:10)
  6 shock serpents
  2 hell knights
  A deep elf knight (Depths:2)
  A wretched star (Snake:4)
  A death drake (shapeshifter) (Depths:1)
  A glowing orange brain (Depths:1)
  A skeletal warrior (Vaults:2)
  3 iron trolls (Depths:1)
  The ghost of fitz the Cleaver, a novice HOFi of Makhleb (D:6)
  6 salamander mystics
  33 deep trolls
  A torturous demonspawn (Depths:2)
  2 flayed ghosts
  5 goliath frogs
  5 spriggan druids
  5 swamp dragons
  14 ironbound convokers
  8 bog bodies
  12 wizards
  2 orange crystal statues
  9 naga ritualists
  10 harpies
  A phantasmal warrior (Vaults:4)
  A shadow dragon zombie (Vaults:3)
  2 deep elf archers (Depths:2)
  3 necromancers
  A deep elf zephyrmancer (D:15)
  6 orc knights
  18 lindwurms
  2 wolf spiders (Lair:4)
  8 mana vipers
  3 deep elf pyromancers
  5 orc sorcerers
  3 oklob plants
  A frost giant zombie (Vaults:3)
  A manticore (Lair:5)
  4 will-o-the-wisps
  A tengu skeleton (Vaults:3)
  16 salamanders
  41 ugly things
  A cyclops (D:12)
  9 elephants
  A rust devil (Depths:2)
  A human skeleton (Vaults:3)
  A guardian serpent (Snake:3)
  A stone giant skeleton (Depths:1)
  21 black mambas
  11 naga magi
  An unseen horror (D:13)
  A torpor snail (Lair:4)
  4 orange demons (Swamp:4)
  19 vault sentinels
  11 cane toads
  12 rime drakes
  2 tengu conjurers
  9 yaktaurs
  A freezing wraith (Vaults:3)
  11 komodo dragons
  An efreet (D:14)
  The ghost of Chaicat the Chopper, an amateur MiBe of Trog (D:4)
  7 tyrant leeches
  A yaktaur skeleton (Vaults:2)
  11 polar bears
  5 trolls
  3 bloated husks
  6 hornets
  2 jumping spiders (Lair:4)
  A merfolk (shapeshifter) (Depths:2)
  27 blink frogs
  6 meliai (D:15)
  2 meliai zombies (D:15)
  8 dream sheep
  44 slime creatures
  A frost giant simulacrum (Vaults:2)
  A dream sheep (shapeshifter) (Depths:2)
  9 wraiths
  3 redbacks
  3 shadows
  7 spriggans
  4 water elementals
  An elf simulacrum (Depths:1)
  49 yaks
  A spriggan skeleton (Depths:1)
  11 wyverns
  7 basilisks
  4 fire bats (D:10)
  A neqoxec (Depths:2)
  21 vampire mosquitoes
  2 yaktaur simulacra
  A steam dragon (D:6)
  3 wargs
  18 swamp worms
  27 nagas
  12 water moccasins
  4 large abominations
  A floating eye (Depths:2)
  A hell hound (Lair:5)
  44 orc warriors
  2 swamp drakes (Swamp:1)
  Purgy (D:4)
  An ice beast (D:5)
  6 black bears
  2 hornet zombies
  A necrophage (Swamp:2)
  7 ogres
  3 boggarts
  19 centaurs
  66 wolves
  3 kobold brigands
  11 gnoll sergeants
  12 bullfrogs
  3 scorpions
  2 wyvern skeletons (D:6)
  4 killer bees (D:10)
  7 wights
  4 howler monkeys
  3 electric eels
  3 lava snakes (Lair:4)
  2 centaur zombies
  3 quasits (D:4)
  2 jellies
  7 gnoll shamans
  39 orc priests
  4 hounds
  6 centaur skeletons
  4 iguanas
  6 hell rats (Lair:5)
  24 orc wizards
  2 hound skeletons (D:4)
  2 mummies
  2 howler monkey zombies (D:9)
  9 adders
  23 gnolls
  A shadow imp (D:6)
  15 white imps
  An ufetubus (D:5)
  3 worms
  2 dart slugs
  74 orcs
  9 bats
  9 endoplasms
  11 goblins
  14 hobgoblins
  4 quokkas
  6 ball pythons
  3 frilled lizards
  4 gnoll skeletons (Ossuary)
  22 kobolds
  7 kobold skeletons (Ossuary)
  14 orc skeletons (Ossuary)
  7 rats
  2 briar patches (Swamp:3)
1502 creatures vanquished.

Vanquished Creatures (collateral kills)
  Jory (Vaults:2)
  A green death (Swamp:4)
  A deep troll (Vaults:3)
  2 oklob plants (Lair:3)
  A necromancer (Vaults:3)
6 creatures vanquished.

Vanquished Creatures (others)
  A bunyip (Swamp:1)
  A spriggan (Swamp:1)
  A deep troll (Vaults:3)
  An ironbound convoker (Vaults:3)
  6 bloated husks
  3 hornets
  A vampire mosquito (Swamp:2)
  A briar patch (Swamp:2)
  2 bushes (Lair:5)
  8 foxfires (Swamp:2)
  101 fungi
  252 plants
  2 starspawn tentacles (Snake:4)
380 creatures vanquished.

Grand Total: 1888 creatures vanquished

Notes
Turn   | Place    | Note
-------+----------+-------------------------------------------
     0 | D:1      | bearlyready the Kobold Fighter began the quest for the Orb.
     0 | D:1      | Reached XP level 1. HP: 14/14 MP: 1/1
    34 | D:1      | Reached skill level 1 in Stealth
    79 | D:1      | Reached XP level 2. HP: 12/19 MP: 2/2
   409 | D:1      | Reached skill level 2 in Stealth
   758 | D:1      | Found a faded altar of an unknown god.
   814 | D:1      | Reached XP level 3. HP: 23/23 MP: 3/3
  1660 | D:2      | Reached skill level 3 in Stealth
  1787 | D:2      | Reached XP level 4. HP: 28/28 MP: 4/4
  2405 | D:2      | You fall into a shaft and drop 1 floor!
  2634 | D:3      | Reached skill level 4 in Stealth
  2750 | D:3      | Reached XP level 5. HP: 32/32 MP: 5/5
  3120 | D:4      | Reached skill level 5 in Short Blades
  3426 | D:4      | Reached skill level 5 in Stealth
  3659 | D:4      | Found Ukhomogg's Overcharged Wands.
  3669 | D:4      | Reached XP level 6. HP: 33/37 MP: 6/6
  3904 | D:4      | Noticed Purgy
  3910 | D:4      | Killed Purgy
  3911 | D:4      | Reached skill level 6 in Stealth
  3954 | D:4      | Found a transporter.
  3956 | D:4      | Noticed Chaicat's ghost (amateur MiBe)
  3967 | D:4      | Found a transporter.
  4383 | D:5      | Entered Level 5 of the Dungeon
  4414 | D:5      | Noticed a black bear
  4422 | D:5      | Killed a black bear
  4423 | D:5      | Reached skill level 1 in Throwing
  4423 | D:5      | Reached XP level 7. HP: 41/41 MP: 7/7
  4905 | D:5      | Reached skill level 7 in Stealth
  5369 | D:6      | Found a transporter.
  5388 | D:6      | Reached XP level 8. HP: 46/46 MP: 8/8
  5629 | D:6      | Reached skill level 1 in Evocations
  5807 | D:6      | Found a transporter.
  5866 | D:6      | Reached skill level 8 in Stealth
  5973 | D:6      | Identified the +5 spear of Paufaurgh {chaos, rF+ Int+3
                  | Stlth+}
  5973 | D:6      | Identified the +0 buckler of the Earth {*Corrode rF+ rC+}
  6388 | D:6      | Identified the ring of Xylar {rF+ Int+6}
  6465 | D:7      | Found a sand-covered staircase.
  6493 | Ossuary  | Entered an ossuary
  6690 | Ossuary  | Noticed a wraith
  6768 | Ossuary  | Killed a wraith
  6769 | Ossuary  | Reached XP level 9. HP: 17/52 MP: 4/9
  7112 | D:7      | Found a staircase to the Ecumenical Temple.
  7119 | Temple   | Entered the Ecumenical Temple
  7379 | Temple   | Became a worshipper of Dithmenos the Shadowed
  7537 | D:7      | Reached skill level 9 in Stealth
  7812 | D:7      | Reached skill level 5 in Fighting
  8171 | D:7      | Reached skill level 5 in Throwing
  8320 | D:7      | Found a shimmering altar of Xom.
  8454 | D:7      | Reached skill level 1 in Invocations
  8476 | D:7      | Noticed Harold
  8497 | D:7      | Killed Harold
  8712 | D:8      | Noticed a two-headed ogre
  8730 | D:8      | Killed a two-headed ogre
  8730 | D:8      | Reached * piety under Dithmenos
  8731 | D:8      | Reached skill level 10 in Stealth
  8731 | D:8      | Reached skill level 5 in Evocations
  8731 | D:8      | Reached XP level 10. HP: 46/60 MP: 8/12
  9034 | D:8      | Reached skill level 10 in Short Blades
 10271 | D:8      | Found Luguseimp's Book Emporium.
 10523 | D:8      | Found a bloodstained altar of Trog.
 11227 | D:9      | Reached ** piety under Dithmenos
 11492 | D:9      | Reached XP level 11. HP: 43/67 MP: 14/14
 11494 | D:9      | Reached skill level 11 in Stealth
 11519 | D:9      | Noticed a tengu warrior
 11706 | D:9      | Noticed a tengu warrior
 11709 | D:9      | Noticed a tengu warrior
 11717 | D:9      | Killed a tengu warrior
 11718 | D:9      | Reached skill level 5 in Invocations
 11725 | D:9      | Killed a tengu warrior
 12457 | D:9      | Found a staircase to the Lair.
 13053 | D:10     | Entered Level 10 of the Dungeon
 13211 | D:10     | Noticed a two-headed ogre
 13224 | D:10     | Killed a two-headed ogre
 13621 | D:10     | Noticed Sonja
 13625 | D:10     | Killed Sonja
 13968 | D:10     | Reached skill level 12 in Stealth
 14277 | D:10     | Found a runed translucent door.
 14281 | D:10     | Found a shadowy altar of Dithmenos.
 14290 | D:10     | Found an opulent altar of Gozag.
 14332 | D:10     | Noticed Urug
 14333 | D:10     | Found a sparkling altar of Nemelex Xobeh.
 14349 | D:10     | Killed Urug
 14350 | D:10     | Reached XP level 12. HP: 36/74 MP: 16/16
 14465 | D:10     | Found an ornate altar of the Wu Jian Council.
 14498 | D:10     | Found a hazy altar of Hepliaklqana.
 14503 | D:10     | Reached *** piety under Dithmenos
 14599 | D:10     | Found a basalt altar of Yredelemnul.
 14856 | D:10     | Noticed a flayed ghost
 15373 | D:11     | Noticed a four-headed hydra
 15384 | D:11     | Killed a four-headed hydra
 16031 | D:12     | Found Quluimp's Weapon Boutique.
 16052 | D:12     | Found a flagged portal.
 16055 | D:12     | Noticed a two-headed ogre
 16091 | D:12     | Killed a two-headed ogre
 16145 | Bailey   | Entered a bailey
 17213 | Bailey   | Reached skill level 1 in Dodging
 17271 | Bailey   | Reached **** piety under Dithmenos
 18799 | D:12     | Found a staircase to the Orcish Mines.
 18982 | D:12     | Noticed Gastronok
 19005 | D:12     | Reached skill level 13 in Stealth
 19043 | D:12     | Killed Gastronok
 19240 | D:12     | Reached XP level 13. HP: 80/80 MP: 18/18
 20092 | D:12     | Noticed Rupert
 20216 | Lair:1   | Entered Level 1 of the Lair of Beasts
 21461 | Lair:1   | Reached skill level 10 in Fighting
 21461 | Lair:1   | Reached skill level 5 in Dodging
 21659 | Lair:1   | Reached skill level 14 in Stealth
 21998 | Lair:2   | Noticed an eight-headed hydra
 22005 | Lair:2   | Killed an eight-headed hydra
 22038 | Lair:2   | Found a frozen archway.
 22092 | IceCv    | Entered an ice cave
 22669 | IceCv    | Reached skill level 5 in Shields
 22967 | IceCv    | Reached ***** piety under Dithmenos
 23370 | IceCv    | Reached skill level 10 in Evocations
 24267 | IceCv    | Noticed an ironbound frostheart
 24267 | IceCv    | Noticed an ironbound frostheart
 24593 | Lair:2   | Found a staircase to the Swamp.
 24603 | Lair:2   | Learned a level 1 spell: Apportation
 24605 | Lair:2   | Learned a level 1 spell: Corona
 24609 | Lair:2   | Learned a level 3 spell: Tukima's Dance
 25177 | Lair:2   | Noticed a five-headed hydra
 25193 | Lair:2   | Killed a five-headed hydra
 25194 | Lair:2   | Reached XP level 14. HP: 54/88 MP: 12/19
 26636 | Lair:3   | Found a staircase to the Snake Pit.
 26995 | Lair:3   | Reached skill level 15 in Stealth
 28617 | Lair:4   | You fall into a shaft and drop 2 floors!
 28617 | Lair:6   | Entered Level 6 of the Lair of Beasts
 28732 | Lair:6   | Reached skill level 16 in Stealth
 29859 | Lair:5   | You fall into a shaft and drop 1 floor!
 30705 | Lair:5   | Reached skill level 10 in Dodging
 30954 | Lair:5   | Reached ****** piety under Dithmenos
 31014 | Lair:5   | Reached XP level 15. HP: 85/93 MP: 17/21
 31285 | Lair:5   | Found a shimmering altar of Xom.
 31448 | Lair:5   | Found a staircase to the Slime Pits.
 32104 | Lair:4   | Found a runed translucent door.
 32140 | Lair:4   | Identified the +7 trident of Calculation {venom, rF+ rCorr
                  | Stlth+}
 34719 | Lair:6   | Gained mutation: You are weak. (Str -2) [mutagenic glow]
 34748 | Lair:6   | Gained mutation: You tend to lose your temper in combat.
                  | [mutagenic glow]
 36560 | D:10     | Identified the +4 scale mail of a Labyrinth {Rampage Will+}
 36911 | D:12     | Killed Rupert
 37875 | D:13     | Found a gate to the Vaults.
 37879 | D:13     | Reached XP level 16. HP: 101/101 MP: 22/22
 38198 | D:14     | Reached skill level 17 in Stealth
 38872 | D:14     | Found Teonil's Antique Weapon Emporium.
 39047 | D:15     | Entered Level 15 of the Dungeon
 39698 | D:15     | Found a staircase to the Depths.
 40275 | D:6      | Noticed fitz's ghost (novice HOFi)
 40310 | D:6      | Killed fitz's ghost
 40386 | D:6      | Identified 2 scrolls of acquirement
 40386 | D:6      | Acquired the ring of Midnight {Drain rF+ rC+ AC+4}
 40388 | D:6      | Acquired 892 gold pieces
 40518 | D:4      | Killed Chaicat's ghost
 40771 | Orc:1    | Entered Level 1 of the Orcish Mines
 41524 | Orc:2    | Entered Level 2 of the Orcish Mines
 41842 | Orc:2    | Found Qiwiaf's Antique Armour Boutique.
 41884 | Orc:2    | Reached skill level 1 in Spellcasting
 42536 | Orc:2    | Found Poazybluast's Distillery.
 42537 | Orc:2    | Found Miytos's Armour Boutique.
 42539 | Orc:2    | Found Voeph's Armour Shop.
 42539 | Orc:2    | Found Okiwuacyfe's General Store.
 42578 | Orc:2    | Bought a scroll of blinking for 112 gold pieces
 42578 | Orc:2    | Bought 2 scrolls of summoning for 285 gold pieces
 42832 | Orc:2    | Found a staircase to the Elven Halls.
 43174 | Orc:2    | Bought 2 potions of haste for 340 gold pieces
 43174 | Orc:2    | Bought a potion of curing for 51 gold pieces
 43174 | Orc:2    | Bought a potion of curing for 51 gold pieces
 43174 | Orc:2    | Bought a potion of curing for 51 gold pieces
 43174 | Orc:2    | Bought a potion of curing for 51 gold pieces
 43180 | Orc:2    | Bought a box of beasts for 600 gold pieces
 43181 | Orc:2    | Lost mutation: You tend to lose your temper in combat.
                  | [potion of mutation]
 43181 | Orc:2    | Lost mutation: You are weak. (Str -2) [potion of mutation]
 43181 | Orc:2    | Gained mutation: A frigid envelope surrounds you and
                  | freezes all who hurt you. [potion of mutation]
 43210 | Orc:2    | Bought a pair of runed boots for 202 gold pieces
 43946 | Swamp:1  | Entered Level 1 of the Swamp
 45015 | Swamp:2  | Noticed Nikola
 45021 | Swamp:2  | Killed Nikola
 45033 | Swamp:2  | Reached skill level 18 in Stealth
 45033 | Swamp:2  | Reached XP level 17. HP: 109/109 MP: 23/23
 45042 | Swamp:2  | Reached XP level 18. HP: 115/115 MP: 24/24
 45458 | Swamp:2  | Noticed Aizul
 45507 | Swamp:2  | Killed Aizul
 45941 | Swamp:2  | Identified the +1 robe of the Blessed Realm {rN+ rCorr}
 46426 | Swamp:3  | Noticed a tentacled monstrosity
 46430 | Swamp:3  | Killed a tentacled monstrosity
 46541 | Swamp:3  | Found a transporter.
 46553 | Swamp:3  | Reached skill level 19 in Stealth
 46981 | Swamp:3  | Found a transporter.
 47459 | Swamp:4  | Entered Level 4 of the Swamp
 47675 | Swamp:4  | Noticed Donald
 47684 | Swamp:4  | Killed Donald
 47696 | Swamp:4  | Reached skill level 15 in Dodging
 47716 | Swamp:4  | Identified the +0 helmet of the Sunfish {Harm Drain rElec
                  | rC- rN+++}
 47947 | Swamp:4  | Found a runed translucent gate.
 47948 | Swamp:4  | Found a runed translucent gate.
 47949 | Swamp:4  | Found a runed translucent gate.
 47949 | Swamp:4  | Noticed bearlyready's ghost (adept KoBe)
 47954 | Swamp:4  | Found the +7 great mace "Firestarter" {inner flame, rF++}
 47956 | Swamp:4  | Killed bearlyready's ghost
 48259 | Swamp:4  | Noticed Roxanne
 48810 | Swamp:4  | Reached XP level 19. HP: 123/123 MP: 25/25
 48892 | Swamp:4  | Reached skill level 15 in Fighting
 49041 | Swamp:4  | Reached skill level 20 in Stealth
 49411 | Swamp:4  | Got a decaying rune of Zot
 49568 | Snake:1  | Entered Level 1 of the Snake Pit
 50064 | Snake:1  | Found a shadowy altar of Dithmenos.
 50550 | Snake:2  | Noticed Saint Roka
 50575 | Snake:2  | Killed Saint Roka
 51313 | Snake:2  | Noticed Agnes
 51317 | Snake:2  | Killed Agnes
 51381 | Snake:2  | Noticed Vashnia
 51638 | Snake:2  | Killed Vashnia
 52334 | Snake:3  | Reached skill level 21 in Stealth
 53265 | Snake:3  | Reached XP level 20. HP: 115/131 MP: 22/26
 53394 | Snake:3  | Found Sebboixy's Jewellery Boutique.
 53394 | Snake:3  | Found Igoxib's Jewellery Boutique.
 53395 | Snake:3  | Found Asuduidy's Book Shoppe.
 53655 | Snake:4  | Entered Level 4 of the Snake Pit
 54058 | Snake:4  | Found Dagysuc's Magic Scroll Boutique.
 54059 | Snake:4  | Found Sosmoubb's Book Shop.
 54060 | Snake:4  | Found Qankudyf's General Store.
 54094 | Snake:4  | Bought a scroll of magic mapping for 49 gold pieces
 54094 | Snake:4  | Bought a scroll of teleportation for 42 gold pieces
 54098 | Snake:4  | Bought a scroll of enchant armour for 127 gold pieces
 54098 | Snake:4  | Bought a scroll of enchant weapon for 127 gold pieces
 54098 | Snake:4  | Bought a scroll of fear for 59 gold pieces
 54098 | Snake:4  | Bought a scroll of summoning for 161 gold pieces
 54098 | Snake:4  | Bought a scroll of magic mapping for 59 gold pieces
 54098 | Snake:4  | Bought a scroll of brand weapon for 340 gold pieces
 54592 | Snake:4  | Reached skill level 5 in Armour
 54712 | Snake:4  | Noticed Asterion
 55046 | Snake:4  | Found a transporter.
 55244 | Snake:4  | Noticed nxtlvl's ghost (adept SpAr)
 55256 | Snake:4  | Killed Asterion
 55264 | Snake:4  | Found a transporter.
 55359 | Snake:4  | Found a one-way gate to the infinite horrors of the Abyss.
 55450 | Snake:4  | Noticed a golden dragon
 55460 | Snake:4  | a golden dragon changed into an iron troll
 55504 | Snake:4  | Noticed a caustic shrike
 55504 | Snake:4  | a shadow dragon changed into a caustic shrike
 55508 | Snake:4  | a caustic shrike changed into an iron dragon
 56661 | Snake:4  | Got a serpentine rune of Zot
 56778 | Snake:4  | Found an opulent altar of Gozag.
 57507 | Lair:3   | Identified the +0 hat "Gaorphar" {Contam Rampage rN++}
 57598 | Lair:4   | Found a runed translucent gate.
 57598 | Lair:4   | Found a runed translucent gate.
 57599 | Lair:4   | Found a runed translucent gate.
 57602 | Lair:4   | Found a runed translucent gate.
 57602 | Lair:4   | Found a runed translucent gate.
 57602 | Lair:4   | Found a runed translucent gate.
 57681 | Lair:4   | Identified the ring "Ezxal" {Wiz Fly Dex+2}
 57896 | Swamp:3  | Reached skill level 22 in Stealth
 57911 | Swamp:3  | Identified the amulet "Ubaclod" {Faith Fly Int+2 Dex+4}
 57913 | Swamp:3  | Identified the +0 helmet "Noichiu" {+Inv rElec rF- Will+++}
 58125 | Vaults:1 | Entered Level 1 of the Vaults
 58569 | Vaults:1 | Reached XP level 21. HP: 77/136 MP: 16/27
 60005 | Vaults:2 | Identified the +7 arbalest "Ugosoih" {flame, rF+ rC- Str+2
                  | SInv}
 60226 | Vaults:2 | Found a staircase to the Crypt.
 60319 | Vaults:2 | Reached skill level 15 in Evocations
 60482 | Vaults:2 | Found a portal to a secret trove of treasure.
 60556 | Vaults:2 | Noticed Jory
 60626 | Vaults:2 | HP: 3/136 [Jory (7)]
 62370 | Vaults:2 | Killed Jory
 62658 | Vaults:3 | Found a runed translucent door.
 62739 | Vaults:3 | Reached skill level 23 in Stealth
 62926 | Vaults:3 | Reached XP level 22. HP: 133/142 MP: 28/28
 63113 | Vaults:3 | Noticed Frederick
 63116 | Vaults:3 | Killed Frederick
 64293 | Vaults:3 | Reached skill level 15 in Short Blades
 64455 | Vaults:3 | Noticed ragingrage's ghost (veteran HOFi)
 64459 | Vaults:3 | Killed ragingrage's ghost
 66125 | Vaults:4 | Found a runed translucent gate.
 66125 | Vaults:4 | Found a runed translucent gate.
 66125 | Vaults:4 | Found a runed translucent gate.
 66549 | Vaults:4 | Noticed astronautguy's ghost (master FoEE)
 66848 | Depths:1 | Entered Level 1 of the Depths
 67286 | Depths:1 | Reached XP level 23. HP: 119/147 MP: 23/29
 67300 | Depths:1 | Reached skill level 24 in Stealth
 67399 | Depths:1 | Paralysed by a great orb of eyes for 3 turns
 67420 | Depths:1 | Reached skill level 1 in Translocations
 67972 | Depths:1 | Paralysed by a great orb of eyes for 4 turns
 68549 | Depths:1 | Found a gateway to Hell.
 68561 | Depths:1 | Reached skill level 1 in Long Blades
 68674 | Depths:2 | Found a one-way gate leading to the halls of Pandemonium.
 69039 | Depths:2 | Found a radiant altar of Vehumet.
 69045 | Depths:2 | Noticed the Enchantress
 69051 | Depths:2 | Killed the Enchantress
 69106 | Depths:2 | Found the +8 longbow "Zephyr" {speed, Dex+3 SInv}
 69588 | Depths:2 | Identified the ring "Ete Lafyl" {*Slow rElec rN+++ Str+2
                  | Int+6}
 69589 | Depths:2 | Identified the +2 lajatang "Gomehyfoe" {holy, rPois rF-
                  | Int+8 Dex-4}
 69817 | Depths:2 | Found Powneawu's Antique Armour Emporium.
 70196 | Depths:3 | Found a runed translucent door.
 70214 | Depths:3 | Reached skill level 10 in Shields
 70255 | Depths:3 | Found a white marble altar of Elyvilon.
 70320 | Depths:3 | Reached skill level 5 in Long Blades
 70984 | Depths:3 | Paralysed by a vampire knight for 7 turns
 70988 | Depths:3 | Demolished by a vampire knight

Illustrated notes

Levels and vault maps discovered:
D:1:      elethiomel_arrival_quiet, layout_basic, basic_ecumenical_altar,
          minmay_misc_feat_diagonals
D:2:      minmay_alternating_diamond, layout_basic
D:3:      layout_basic, solitary_fountain
D:4:      layout_basic, gammafunk_ghost_stat_death,
          nicolae_shop_overcharged_wands, uniq_purgy
D:5:      layout_loops_ring
D:6:      layout_loops_ring, gammafunk_ghost_gnarly_gnolls,
          chequers_mini_garden, minmay_splitting_lines, minmay_statues_item,
          minmay_holes
D:7:      layout_cave_pools, old_standard_altar,
          minmay_temple_entry_proselytizer, gup_ossuary_entry_pyramid,
          uniq_harold
D:8:      layout_layer_cave, trog_butcher_becter, serial_shops, kennysheep_mini,
          grunt_ogre_cave, minivault_10, sigmund_army
D:9:      layout_roguey, due_lair_maze_entry_diamond
D:10:     due_megacathedral, layout_basic, uniq_urug, uniq_sonja
D:11:     layout_roguey
D:12:     layout_loops_corners, erik_orc_2, enter_bailey_5,
          gauntlet_entry_generic, serial_shops, nicolae_shop_behind_doors,
          kennysheep_minor_cross, uniq_rupert, uniq_gastronok
D:13:     layout_roguey, david_vaults_2, minmay_misc_feat_pillars
D:14:     layout_roguey, dk_noncrumbling_2, serial_shops,
          nicolae_take_the_stairs
D:15:     grunt_enter_depths_magical_seal, layout_loops_corners, minivault_25
Temple:   regret_index_temple_chain_breaker
Lair:1:   layout_loops_ring, st_stairs_8, nicolae_quartered_pool_super,
          chequers_serial_rivers_room_a, grunt_megastairs_2,
          serial_bayou_shore_a
Lair:2:   layout_layer_cave, swamp_mist, portal_ice_cave_entry_imps,
          chequers_serial_rivers_micro_a
Lair:3:   layout_roguey, minmay_snake_entry_guardpost_small,
          grunt_forest_stairs_basic, grunt_megastairs_5,
          minmay_lair_oklob_chamber
Lair:4:   gammafunk_indiana_jones, layout_long_grid, serial_bayou_ford_a,
          chequers_serial_rivers_large_b, grunt_forest_large_clearings
Lair:5:   layout_roguey [special_room_mythical_zoo], slime_dummy,
          lemuel_centaur_altar, infiniplex_staircase_pool_2, grunt_megastairs_4
Lair:6:   grunt_lair_end_beastmaster, layout_gridlike, lemuel_fruit_tree
Swamp:1:  layout_basic_swamp, infiniplex_staircase_pool
Swamp:2:  layout_basic_swamp, evilmike_swamp_ruin_house_3, uniq_nikola,
          uniq_aizul
Swamp:3:  gammafunk_worm_tunnel, layout_basic_swamp,
          evilmike_swamp_ruin_house_5, swamp_pool1,
          nicolae_swamp_very_dense_foliage
Swamp:4:  swamp_vile, layout_basic_swamp, ebering_ghost_rock_garden,
          uniq_donald, uniq_roxanne
Snake:1:  layout_basic, lemuel_oklob_altar
Snake:2:  layout_misc_corridors, nicolae_snake_snakes_in_the_grass, uniq_agnes,
          uniq_saint_roka, uniq_vashnia
Snake:3:  layout_misc_corridors, minmay_shop_grove
Snake:4:  snake_pit, layout_onion, gammafunk_ghost_abyssal_escape, basic_altar,
          minmay_shop_star, uniq_asterion
Orc:1:    layout_caves
Orc:2:    st_orc_mages, layout_caves, serial_shops, nicolae_square_shop,
          mines2_david
Vaults:1: v_misc_16, vaults_mumra_minichess_inversion,
          ontoclasm_vaults_misaligned, nicolae_vaults_theta,
          nicolae_vaults_circle_grid_b, vaults_room_boxed,
          vaults_standard_mumra_lines, vaults_dpeg_hooks, vaults_mumra_chevron,
          v_pattern_4, v_rooms_1, ontoclasm_vaults_claustrophobia,
          ontoclasm_vaults_pinch, special_room_vaults [special_room_orc],
          layout_vaults_ring
Vaults:2: v_misc_13, minmay_crypt_entry_simple_statues, hangedman_vaults_stream,
          nicolae_vaults_border_crossing, nicolae_vaults_stairing_the_circle,
          nicolae_vaults_yaktaur_gun_rack, nicolae_vaults_ring_of_whatevers,
          vaults_room_door_ring, v_misc_14, vaults_room_pool,
          nicolae_vaults_little_squares_3, nicolae_vaults_specimen_jars,
          grunt_vaults_hallway_short, layout_vaults_chaotic_city,
          nicolae_trove_entry_crossroad, uniq_jory
Vaults:3: ebering_vaults_ghost_reflecting_pool, hangedman_vaults_slither,
          grunt_vaults_diagonal, v_rooms_6, ontoclasm_vaults_twist,
          nicolae_vaults_little_squares_3, st_cross, vaults_dpeg_spiral,
          vaults_standard_mumra_x, nicolae_vaults_little_squares_4,
          ontoclasm_vaults_ligature, vaults_room_grunt_arrival_ludios,
          ontoclasm_vaults_ring_small, ontoclasm_vaults_decontamination,
          layout_vaults_omnibox, uniq_frederick
Vaults:4: gammafunk_vaults_ghost_tricky_traps, ontoclasm_vaults_ring_small,
          v_misc_13, nicolae_vaults_asterisk, grunt_vaults_focal,
          nicolae_vaults_statue_guard, layout_vaults_omnigrid
Depths:1: hourglass_vault, layout_cave_pools, grunt_hell_entry_dis_grunt,
          hangedman_abyss_or_decor_clamps, minivault_16, kennysheep_four_rooms
Depths:2: grunt_forest_end_shrine, layout_long_grid, minivault_14, serial_shops,
          nicolae_stop_n_shop_2, hell_entry, rand_demon_pan_entry_8,
          minmay_checkered_concentric_circles
Depths:3: kennysheep_bubble_arena, layout_gridlike, elyvilon_altar_5,
          serial_shops, nicolae_shop_overgrown_old_shop, hell_entry,
          abyss_entry, pan_entry, minmay_crystal_box,
          minmay_staircase_windowed_small

Skill      XL: |  1  2  3  4  5  6  7  8  9 10 11 12 13 14 15 16 17 18 19 20 21 22 23 |
---------------+----------------------------------------------------------------------+-----
Stealth        | 1 2 3 4 5 6 7 8 10 12 13 14 16 18 19 21 22 23 24 | 24.7
Short Blades   | 3 4 5 6 7 8 9 10 11 12 13 14 16 | 16.0
Throwing       | 1 3 4 6 8 9 |  9.0
Evocations     | 3 5 6 8 9 10 11 12 13 14 15 | 15.0
Fighting       | 4 6 7 8 9 10 12 13 14 16 | 16.0
Invocations    | 3 4 6 7 8 9 |  9.0
Dodging        | 3 7 10 12 13 15 16 17 18 19 20 | 20.3
Shields        | 3 5 6 7 8 10 | 10.1
Armour         | 4 6 8 |  8.0
Spellcasting   | 4 |  4.0
Translocations | 4 |  4.0
Long Blades    | 5 |  5.3

Action                   |  1- 3 |  4- 6 |  7- 9 | 10-12 | 13-15 | 16-18 | 19-21 | 22-24 || total
-------------------------+-------+-------+-------+-------+-------+-------+-------+-------++-------
Melee: Rapier            |    94 |   129 |    50 |    28 |   181 |   616 |  1392 |  1257 ||  3747
       Short sword       |       |       |   305 |   912 |  1945 |   355 |       |       ||  3517
       Demon blade       |       |       |       |       |       |       |       |    80 ||    80
       Quick blade       |       |       |       |       |       |       |       |    12 ||    12
Throw: Dart              |       |     7 |     3 |    83 |    83 |    15 |    11 |       ||   202
       Throwing net      |       |       |       |     6 |    29 |     2 |       |       ||    37
       Boomerang         |       |       |       |       |     5 |     5 |    58 |     5 ||    73
Invok: Shadow Form       |       |       |       |       |       |       |     1 |     1 ||     2
Evoke: Wand              |       |       |     1 |    18 |     7 |    38 |    35 |     9 ||   108
       Condenser vane    |       |       |       |     2 |     5 |     3 |     6 |     3 ||    19
       Box of beasts     |       |       |       |       |       |     2 |     4 |     3 ||     9
       Piece from Xom's  |       |       |       |       |       |     2 |       |     6 ||     8
       Lightning rod     |       |       |       |       |       |       |     7 |    18 ||    25
       Phantom mirror    |       |       |       |       |       |       |     2 |     2 ||     4
       Phial of floods   |       |       |       |       |       |       |       |     3 ||     3
  Use: Scroll            |       |       |     6 |     8 |     9 |    10 |     9 |     2 ||    44
       Potion            |       |       |     1 |     3 |     2 |     5 |    10 |       ||    21
 Stab: Sleeping          |     4 |    13 |    18 |    39 |    73 |   117 |   147 |    94 ||   505
       Distracted        |       |     1 |       |     1 |    13 |    12 |    14 |    15 ||    56
       Paralysed         |       |       |       |     1 |       |       |     2 |       ||     3
       Held in net/web   |       |       |       |     3 |    21 |     3 |       |       ||    27
       Petrified         |       |       |       |       |     5 |       |       |     1 ||     6
       Petrifying        |       |       |       |       |       |       |       |     1 ||     1
Armor: Scale mail        |    29 |    10 |       |       |       |       |       |       ||    39
       Leather armour    |       |    20 |   103 |   179 |   220 |    90 |    92 |     5 ||   709
       Troll leather arm |       |       |       |       |       |       |       |    71 ||    71
       Acid dragon scale |       |       |       |       |       |       |       |    19 ||    19
Dodge: Dodged            |    35 |    45 |   158 |   443 |  1202 |   454 |   704 |   804 ||  3845
Block: Buckler           |    21 |    32 |    63 |   175 |   486 |   198 |   364 |   333 ||  1672
       Kite shield       |       |       |       |       |       |       |       |    73 ||    73
       Rpst.: Demon blade |       |       |       |       |       |       |       |    27 ||    27
